Match 41405703
Unlisted
Match 41405703
End
Kradschützen Motorcycle Team
Panzergrenadier Squad
Panzergrenadier Squad
Construct Light Support Kompanie
250 Light Carrier
Selects Armored Support Battlegroup
Combat Half-tracks
Selects Superior Fire Drills
Construct Mechanized Kompanie
Veteran Squad Leaders
Panzergrenadier Squad
Marder III Tank Destroyer
Marder III Tank Destroyer
2.5-tonne Medical Truck
scorpion
Fluffgrumt
[38.] Nowhere Queen
la
gicobiwolfe
MoriMusic
0
0
Comments sign in to comment!
No comments posted yet!